 Dungeon Crawl Stone Soup version 0.31-a0-261-g072fdb8a1f (webtiles) character file.

Game seed: 2696241043782770213

62 qw the Shooter (level 3, -4/29 HPs)
             Began as a Minotaur Hexslinger on July 13, 2023.
             Slain by a gnoll
             ... wielding a +0 halberd
              (7 damage)
             ... on level 2 of the Dungeon.
             The game lasted 00:00:32 (1453 turns).

qw the Shooter (Minotaur Hexslinger)                Turns: 1453, Time: 00:00:33

Health: -4/29      AC:  3    Str: 12    XL:     3   Next: 85%
Magic:  3/3        EV: 12    Int: 10    God:
Gold:   17         SH:  0    Dex: 14    Spells: 3/4 levels left

rFire   . . .        Y - +1 sling
rCold   . . .        (no shield)
rNeg    . . .        b - +0 leather armour
rPois   .            (helmet restricted)
rElec   .            (no cloak)
rCorr   .            (no gloves)
SInv    .            (no boots)
Will    .....        (no amulet)
Stlth   +            (no ring)
HPRegen 0.24/turn    (no ring)
MPRegen 0.08/turn

%: no passive effects
@: no status effects
A: horns 2, retaliatory headbutt
a: no special abilities


You were on level 2 of the Dungeon.
You visited 1 branch of the dungeon, and saw 2 of its levels.

You collected 69 gold pieces.
You spent 52 gold pieces at shops.


Innate Abilities, Weirdness & Mutations

You have a pair of horns on your head.
You reflexively headbutt those who attack you in melee.


   Skills:
 - Level 2.0 Fighting
 + Level 4.4 Ranged Weapons
 - Level 2.1 Dodging
 - Level 1.0 Spellcasting
 - Level 2.0 Hexes


You had 3 spell levels left.
You knew the following spells:

 Your Spells              Type           Power      Damage    Failure   Level
a - Slow                  Hex            16%        N/A       19%         1

Your spell library contained the following spells:

 Spells                   Type           Power      Damage    Failure   Level
 Inner Flame              Hex/Fire       2%         N/A       65%         3
 Portal Projectile        Hex/Tloc       4%         N/A       65%         3
 Cause Fear               Hex            2%         N/A       88%         4

Inventory:

Hand Weapons
 Y - a +1 sling (weapon)
Armour
 b - a +0 leather armour (worn)
Scrolls
 c - a scroll of vulnerability {unknown}
Potions
 a - a potion of attraction {unknown}
 e - a potion of lignification {unknown}
 g - a potion of mutation {unknown}
 i - 3 potions of invisibility {unknown}

Dungeon Overview and Level Annotations

Branches:
Dungeon (2/15)

Altars:

Shops:
D:2 [(*


Message History

The sling bullet barely misses the hobgoblin.
The sling bullet hits the gnoll but does no damage.
A giant cockroach comes into view.
The hobgoblin closely misses you.
You shoot a sling bullet.
The sling bullet closely misses the hobgoblin.
The sling bullet closely misses the gnoll. x2
The sling bullet hits the giant cockroach.
The giant cockroach is lightly wounded.
A rat comes into view.
The hobgoblin misses you. You furiously retaliate!
You headbutt the hobgoblin.
You kill the hobgoblin!
You shoot a sling bullet. The sling bullet hits the gnoll.
The gnoll is moderately wounded.
The gnoll hits you from afar with a +0 halberd!
The gnoll barely misses you.
You shoot a sling bullet. The sling bullet hits the gnoll.
The gnoll is moderately wounded.
The gnoll barely misses you. x2
You shoot a sling bullet.
The sling bullet closely misses the gnoll.
The gnoll closely misses you. The gnoll hits you with a +0 club!
You shoot a sling bullet. The sling bullet hits the gnoll.
The gnoll is heavily wounded.
The gnoll barely misses you. The gnoll hits you with a +0 club.
You shoot a sling bullet. The sling bullet hits the gnoll.
The gnoll is heavily wounded.
The gnoll barely misses you. x2
The gnoll hits you from afar with a +0 halberd!
The gnoll completely misses you.
You shoot a sling bullet. The sling bullet hits the gnoll.
The gnoll is almost dead.
The gnoll closely misses you. The gnoll barely misses you.
You shoot a sling bullet. The sling bullet hits the gnoll.
You kill the gnoll!
The gnoll barely misses you.
You shoot a sling bullet. The sling bullet hits the gnoll.
The gnoll is severely wounded.
The gnoll hits you from afar with a +0 halberd!
You die...

#### #..## ### #..>## #.#
#....# #.# #....# #.#####
...#########....####...##.
.....rBg%@................
...$#####)..........##.###
. #................#
#.................
##.....)..........
##...............
###.............
..............
..........%..


You could see a gnoll, a giant cockroach and a rat.

Vanquished Creatures
  2 gnolls (D:2)
  2 dart slugs
  3 ball pythons
  2 bats (D:1)
  2 endoplasms (D:1)
  6 goblins
  5 hobgoblins
  3 jackals
  3 kobolds
  2 quokkas (D:1)
  A frilled lizard (D:1)
  2 rats (D:1)
33 creatures vanquished.

Notes
Turn   | Place    | Note
-------+----------+-------------------------------------------
     0 | D:1      | qw the Minotaur Hexslinger began the quest for the Orb.
     0 | D:1      | Reached XP level 1. HP: 16/16 MP: 1/1
     0 | D:1      | 0 ||| qw: Version: 0.3-a-52-g30416fa
     0 | D:1      | 0 ||| qw: Game counter: 6991
     0 | D:1      | 0 ||| qw: Melee chars always use a shield: true
     0 | D:1      | 0 ||| qw: God list: Okawaru
     0 | D:1      | 0 ||| qw: Allow faded altars: false
     0 | D:1      | 0 ||| qw: Do Orc after clearing Dungeon:15 true
     0 | D:1      | 0 ||| qw: Do second Lair branch before Depths: true
     0 | D:1      | 0 ||| qw: Lair rune preference: random
     0 | D:1      | 0 ||| qw: Goals: Normal
     0 | D:1      | 0 ||| PLANNING D:1-11
   150 | D:1      | Reached skill level 3 in Ranged Weapons
   327 | D:1      | Reached XP level 2. HP: 18/23 MP: 2/2
   994 | D:1      | 994 ||| DROPPING amulet of magic regeneration.
   995 | D:1      | 995 ||| READING scroll labelled CEPSYFR BATZEN.
   996 | D:1      | 996 ||| READING 2 scrolls labelled GOSHIOMUDUR.
  1001 | D:1      | 1001 ||| DROPPING scroll of poison.
  1031 | D:2      | 1031 ||| STAIRDANCE
  1080 | D:2      | 1080 ||| STAIRDANCE
  1102 | D:2      | 1102 ||| FLEEEEING.
  1103 | D:2      | 1103 ||| FLEEEEING.
  1104 | D:2      | 1104 ||| FLEEEEING.
  1107 | D:2      | 1107 ||| FLEEEEING.
  1108 | D:2      | 1108 ||| STAIRDANCE
  1132 | D:2      | 1132 ||| STAIRDANCE
  1146 | D:2      | 1146 ||| STAIRDANCE
  1147 | D:2      | Reached XP level 3. HP: 14/29 MP: 3/3
  1152 | D:1      | HP: 5/29 [quokka (3)]
  1153 | D:1      | 1153 ||| READING scroll of teleportation.
  1290 | D:2      | Found Qeusexi's Armour Shop.
  1320 | D:2      | 1320 ||| BUYING +0 leather armour (20 gold).
  1320 | D:2      | Bought a +0 leather armour for 20 gold pieces
  1320 | D:2      | 1320 ||| SHOPLISTING +0 ring mail (40 gold, have 27).
  1320 | D:2      | 1320 ||| SHOPLISTING +2 ring mail of fire resistance (210
                  | gold, have 27).
  1320 | D:2      | 1320 ||| SHOPLISTING +4 ring mail "Xaqet" {rC+} (380 gold,
                  | have 27).
  1352 | D:2      | Found Teecregg's Antique Weapon Emporium.
  1360 | D:2      | 1360 ||| UPGRADING to +0 leather armour.
  1370 | D:2      | 1370 ||| DROPPING +0 robe.
  1377 | D:2      | Found Fexzacom's Assorted Antiques.
  1386 | D:2      | 1386 ||| BUYING 2 glowing amethyst potions (32 gold).
  1386 | D:2      | Bought 2 glowing amethyst potions for 32 gold pieces
  1386 | D:2      | 1386 ||| SHOPLISTING emerald potion (16 gold, have 7).
  1386 | D:2      | 1386 ||| SHOPLISTING scroll labelled JUSYAKIYHI (18 gold,
                  | have 7).
  1386 | D:2      | 1386 ||| SHOPLISTING scroll labelled ZEXTON EDYGO (18 gold,
                  | have 7).
  1439 | D:2      | Reached skill level 4 in Ranged Weapons
  1439 | D:2      | 1439 ||| FLEEEEING.
  1440 | D:2      | 1440 ||| FLEEEEING.
  1450 | D:2      | HP: 3/29 [gnoll/+0 halberd (8)]
  1453 | D:2      | Slain by a gnoll

Levels and vault maps discovered:
D:1:      heliophobic_arrival_henge, layout_basic, dk_noncrumbling_3,
          palyth_stone_intersect, minmay_tromino_v7
D:2:      layout_rooms, serial_shops, shop, nicolae_lakefront_shop, shop, shop,
          shop, minmay_3d_cube, uniq_crazy_yiuf_cottage

Skill      XL: |  1  2  3 |
---------------+----------+-----
Ranged Weapons | 3 4 |  4.4
Fighting       | 2 |  2.0
Dodging        | |  2.1
Spellcasting   | |  1.0
Hexes          | |  2.0

Action                     || total
---------------------------++-------
   Fire: Sling             ||   114
    Use: Scroll            ||     3
 Armour: Robe              ||     4
  Dodge: Dodged            ||    64

Table legend:
 A = Non-vault XP
 B = Vault XP
 C = Vault XP percentage of total XP
 D = Non-vault monster count
 E = Vault monster count
 F = Vault count percentage of total count
                 A         B        C        D         E       F
            +---------+---------+-------+---------+---------+-------
      Total |      80 |       9 |  10.1 |      28 |       5 |  15.2
            +---------+---------+-------+---------+---------+-------
        D:1 |      29 |       8 |  21.6 |      16 |       4 |  20.0
        D:2 |      51 |       1 |   1.9 |      12 |       1 |   7.7
            +---------+---------+-------+---------+---------+-------
